Demolitions vs Gangsters
Created - 1 mars 2015 at 21:53
Goals
|
| Demolitions |
1 |
3 |
3 |
7 |
| Gangsters |
2 |
0 |
1 |
3 |
|
Shots
|
| Demolitions |
8 |
12 |
14 |
34 |
| Gangsters |
9 |
10 |
7 |
26 |
|
1st period
1. Demolitions , Petr Vrana 11 (Anton Babchuk) at 11:46
2. Gangsters , Artem Anisimov 14 (Ryan Jones, Chris Bourque) at 13:01
3. Gangsters , Alexandre Bolduc 33 (Ryan Keller, Jaroslav Balastik) at 13:13
Penalties :
Brad Richardson (Vic) for Holding (Minor) at 4:02, Nick Foligno (Bro) for Cross-checking (Minor) at 6:31, Ryan Keller (Bro) for Hooking (Minor) at 9:35, Jaroslav Balastik (Bro) for Slashing (Double Minor) at 13:36
2nd period
4. Demolitions , Konstantin Pushkarev 12 (Jordan LaVallee) at 2:57
5. Demolitions , T.J. Hensick 39 (Anthony Stewart, Anssi Salmela) at 12:31
6. Demolitions , T.J. Hensick 40 (Daniel Paille, Anthony Stewart) at 17:01
Penalties :
Artem Anisimov (Bro) for Tripping (Minor) at 0:45, Darren Helm (Vic) for Roughing (Minor) at 8:26
3rd period
7. Gangsters , Brock Bradford 9 (Gustav Nyquist, Ryan Jones) at 6:52
8. Demolitions , Anthony Stewart 33 (T.J. Hensick) at 7:26 (SH)
9. Demolitions , T.J. Hensick 41 (Anthony Stewart, Doug Janik) at 14:01
10. Demolitions , Bobby Butler 27 (Brad Richardson, Samuel Pahlsson) at 14:17
Penalties :
Artem Anisimov (Bro) for Roughing (Minor) at 1:23, Bobby Butler (Vic) for Tripping (Minor) at 7:07, Ryan Keller (Bro) for Hooking (Minor) at 14:40
Goalie Stats
Chad Johnson (Vic), 23 saves from 26 shots - (0,885), W, 16-5-4, 60:00 minutes
David LeNeveu (Bro), 27 saves from 34 shots - (0,794), L, 21-15-9, 60:00 minutes
Players Stats for Demolitions
Player Name G A P +/- PIM S H SB GA TA FO MP PP MP PK MP
------------------------------------------------------------------------------------
Andrew Campbell 0 0 0 4 0 0 0 1 0 0 0/0 10:13 0:11 0:00
Anssi Salmela 0 1 1 4 0 0 0 1 0 0 0/0 10:13 0:11 0:00
Anthony Stewart 1 3 4 4 0 4 1 2 0 0 1/2 22:16 7:04 3:22
Anton Babchuk 0 1 1 -2 0 0 1 1 0 1 0/0 21:44 6:32 2:15
Bobby Butler 1 0 1 -1 2 1 2 0 0 0 2/2 18:06 6:13 0:00
Brad Richardson 0 1 1 -1 2 1 6 0 0 0 0/0 18:56 6:13 0:43
Corban Knight 0 0 0 1 0 1 0 0 0 0 1/7 8:16 0:10 0:26
Daniel Paille 0 1 1 3 0 4 1 0 1 1 1/1 21:22 7:04 2:25
Darren Helm 0 0 0 0 2 0 0 0 0 0 3/4 9:31 0:32 0:00
Doug Janik 0 1 1 2 0 2 1 1 2 1 0/0 28:03 7:11 3:42
Jordan LaVallee 0 1 1 0 0 3 2 0 1 0 0/0 10:01 0:37 0:10
Konstantin Pushkarev 1 0 1 0 0 2 1 0 0 0 0/0 9:26 0:37 0:00
Kyle Cumiskey 0 0 0 2 0 0 0 1 2 0 0/0 28:03 7:11 3:42
Peter Harrold 0 0 0 -2 0 1 1 0 1 1 0/0 21:44 6:32 2:15
Petr Vrana 1 0 1 1 0 3 0 0 0 0 0/0 8:40 0:00 1:26
Samuel Pahlsson 0 1 1 -1 0 1 2 0 0 0 8/17 17:59 6:08 0:00
Spencer Machacek 0 0 0 1 0 2 0 0 0 0 0/0 7:11 0:00 0:00
T.J. Hensick 3 1 4 4 0 9 7 1 1 0 18/28 22:16 7:04 3:22
Players Stats for Gangsters
Player Name G A P +/- PIM S H SB GA TA FO MP PP MP PK MP
------------------------------------------------------------------------------------
Alexandre Bolduc 1 0 1 -4 0 3 0 1 0 0 12/32 19:08 3:18 2:34
Artem Anisimov 1 0 1 0 4 3 0 0 0 0 3/6 12:38 2:31 0:00
Ben Holmstrom 0 0 0 0 0 0 0 0 0 0 0/0 0:00 0:00 0:00
Brett Ponich 0 0 0 -1 0 0 0 0 0 0 0/0 10:36 0:00 0:33
Brock Bradford 1 0 1 1 0 1 1 1 0 1 2/3 10:06 0:08 0:00
Bryan Young 0 0 0 2 0 2 2 1 0 0 0/0 22:36 2:17 6:07
Chris Bourque 0 1 1 1 0 1 1 1 1 1 0/0 18:37 2:31 6:08
Curtis McKenzie 0 0 0 -1 0 0 0 0 0 0 0/0 2:20 0:00 1:26
Dave Dziurzynski 0 0 0 0 0 0 0 0 0 0 0/0 6:11 0:00 0:00
Gabriel Dumont 0 0 0 0 0 0 0 0 0 0 0/0 0:22 0:00 0:15
Gustav Nyquist 0 1 1 1 0 2 0 1 0 0 0/0 10:06 0:08 0:00
Jaroslav Balastik 0 1 1 -5 4 2 2 2 0 0 4/8 22:03 3:18 5:19
Luke Gazdic 0 0 0 0 0 0 0 0 0 0 0/0 0:00 0:00 0:00
Matt Delahey 0 0 0 2 0 0 2 2 0 0 0/0 22:20 2:17 5:34
Maxime Sauvé 0 0 0 -1 0 3 0 0 1 0 5/8 11:09 0:00 4:29
Michael Sdao 0 0 0 -1 0 0 0 0 0 0 0/0 10:20 0:00 0:00
Nathan Moon 0 0 0 0 0 0 0 0 0 0 0/0 0:00 0:00 0:00
Nick Foligno 0 0 0 0 2 1 1 0 1 0 0/1 13:42 0:00 2:53
Phil McRae 0 0 0 0 0 0 0 0 0 0 0/0 0:00 0:00 0:00
Richard Panik 0 0 0 0 0 0 0 0 0 0 0/0 6:31 0:08 0:00
Ryan Jones 0 2 2 1 0 0 1 0 0 0 0/2 12:07 2:31 0:00
Ryan Keller 0 1 1 -5 4 6 0 2 0 0 1/1 21:00 3:18 4:44
Shaun Heska 0 0 0 -5 0 1 1 2 0 6 0/0 27:04 3:40 7:47
Ville Koistinen 0 0 0 -5 0 1 0 2 1 0 0/0 27:04 3:40 7:47
3 Stars
1 - T.J. Hensick (Vic)
2 - Anthony Stewart (Vic)
3 - Anssi Salmela (Vic)
Power Play
Demolitions - 0 on 7 Attempt(s) - 0,00%
Gangsters - 0 on 3 Attempt(s) - 0,00%
Penalty Kill
Demolitions - 3 on 3 Attempt(s) - 100,00%
- Score 1 goal in Penalty Kill
Gangsters - 7 on 7 Attempt(s) - 100,00%
- Score 0 goal in Penalty Kill
Team Stat
Demolitions - Hits : 25 - Faceoff Wins : 34 - Blocked Shots : 8 - Penalty Minutes : 6
Gangsters - Hits : 11 - Faceoff Wins : 27 - Blocked Shots : 15 - Penalty Minutes : 14
Official
Referees : Leggo Mike and Pochmara Brian
Linesman : Derek Nansen and Shane Heyer
Game Notes
T.J. Hensick has scored a Hat Trick!
Finance
Level 1 -- Attendance: 1422 (71,10%) -- Ticket Income 49 770 $
Level 2 -- Attendance: 776 (77,60%) -- Ticket Income 11 640 $
Total Attendance: 2198 (73,27%)
Total Ticket Income: 61 410 $
Other Income: 3 070 $
Total Income: 64 480 $
Demolitions
5 vs 5 Forward
Center Left Wing Right Wing Time % Phy DF OF
1 T.J. Hensick Daniel Paille Anthony Stewart 40 0 1 4
2 Samuel Pahlsson Bobby Butler Brad Richardson 39 0 1 4
3 Darren Helm Jordan LaVallee Konstantin Pushkarev 20 0 2 3
4 Corban Knight Petr Vrana Spencer Machacek 1 0 3 2
5 vs 5 Defense
Defense Defense Time % Phy DF OF
1 Kyle Cumiskey Doug Janik 40 1 2 2
2 Anton Babchuk Peter Harrold 30 1 2 2
3 Andrew Campbell Anssi Salmela 20 1 2 2
4 Kyle Cumiskey Doug Janik 10 1 2 2
PowerPlay Forward
Center Left Wing Right Wing Time % Phy DF OF
1 T.J. Hensick Daniel Paille Anthony Stewart 60 1 2 2
2 Samuel Pahlsson Bobby Butler Brad Richardson 40 1 2 2
PowerPlay Defense
Defense Defense Time % Phy DF OF
1 Kyle Cumiskey Doug Janik 60 1 2 2
2 Anton Babchuk Peter Harrold 40 1 2 2
Penalty Kill 4 Players Forward
Center Wing Time % Phy DF OF
1 T.J. Hensick Anthony Stewart 60 1 2 2
2 Brad Richardson Daniel Paille 40 1 2 2
Penalty Kill 4 Players Defense
Defense Defense Time % Phy DF OF
1 Kyle Cumiskey Doug Janik 60 1 2 2
2 Anton Babchuk Peter Harrold 40 1 2 2
Penalty Kill - 3 Players Forward
Forward Time % Phy DF OF
1 T.J. Hensick 60 1 2 2
2 Anthony Stewart 40 1 2 2
Penalty Kill - 3 Players Defense
Defense Defense Time % Phy DF OF
1 Kyle Cumiskey Doug Janik 60 1 2 2
2 Anton Babchuk Peter Harrold 40 1 2 2
4 vs 4 Forward
Center Wing Time % Phy DF OF
1 T.J. Hensick Anthony Stewart 60 1 2 2
2 Brad Richardson Daniel Paille 40 1 2 2
4 vs 4 Defense
Defense Defense Time % Phy DF OF
1 Kyle Cumiskey Doug Janik 60 1 2 2
2 Anton Babchuk Peter Harrold 40 1 2 2
Last Minutes Offensive
Center Left Wing Right Wing Defense Defense
T.J. Hensick Daniel Paille Anthony Stewart Kyle Cumiskey Doug Janik
Last Minutes Defensive
Center Left Wing Right Wing Defense Defense
T.J. Hensick Daniel Paille Anthony Stewart Kyle Cumiskey Doug Janik
Goaltenders
Starting : Chad Johnson
Backup : Jeff Frazee
Extra Forwards
Normal : Darren Helm, Jordan LaVallee, Petr Vrana - PP : Darren Helm, Jordan LaVallee - PK : Petr Vrana
Extra Defensemen
Normal : Andrew Campbell, Anssi Salmela, Anton Babchuk - PP : Andrew Campbell - PK : Anssi Salmela, Anton Babchuk
Penalty Shots
T.J. Hensick, Anthony Stewart, Brad Richardson, Daniel Paille, Samuel Pahlsson
Gangsters
5 vs 5 Forward
Center Left Wing Right Wing Time % Phy DF OF
1 Alexandre Bolduc Jaroslav Balastik Ryan Keller 40 1 2 2
2 Artem Anisimov Chris Bourque Ryan Jones 30 1 2 2
3 Brock Bradford Nick Foligno Gustav Nyquist 20 1 2 2
4 Maxime Sauvé Dave Dziurzynski Richard Panik 10 1 2 2
5 vs 5 Defense
Defense Defense Time % Phy DF OF
1 Ville Koistinen Shaun Heska 40 1 2 2
2 Bryan Young Matt Delahey 30 1 2 2
3 Michael Sdao Brett Ponich 20 1 2 2
4 Ville Koistinen Shaun Heska 10 1 2 2
PowerPlay Forward
Center Left Wing Right Wing Time % Phy DF OF
1 Alexandre Bolduc Jaroslav Balastik Ryan Keller 60 1 2 2
2 Artem Anisimov Chris Bourque Ryan Jones 40 1 2 2
PowerPlay Defense
Defense Defense Time % Phy DF OF
1 Ville Koistinen Shaun Heska 60 1 2 2
2 Bryan Young Matt Delahey 40 1 2 2
Penalty Kill 4 Players Forward
Center Wing Time % Phy DF OF
1 Jaroslav Balastik Ryan Keller 60 1 2 2
2 Chris Bourque Nick Foligno 40 1 2 2
Penalty Kill 4 Players Defense
Defense Defense Time % Phy DF OF
1 Ville Koistinen Shaun Heska 60 1 2 2
2 Bryan Young Matt Delahey 40 1 2 2
Penalty Kill - 3 Players Forward
Forward Time % Phy DF OF
1 Jaroslav Balastik 60 1 2 2
2 Ryan Keller 40 1 2 2
Penalty Kill - 3 Players Defense
Defense Defense Time % Phy DF OF
1 Ville Koistinen Shaun Heska 60 1 2 2
2 Bryan Young Matt Delahey 40 1 2 2
4 vs 4 Forward
Center Wing Time % Phy DF OF
1 Jaroslav Balastik Ryan Keller 60 1 2 2
2 Chris Bourque Nick Foligno 40 1 2 2
4 vs 4 Defense
Defense Defense Time % Phy DF OF
1 Ville Koistinen Shaun Heska 60 1 2 2
2 Bryan Young Matt Delahey 40 1 2 2
Last Minutes Offensive
Center Left Wing Right Wing Defense Defense
Alexandre Bolduc Jaroslav Balastik Ryan Keller Ville Koistinen Shaun Heska
Last Minutes Defensive
Center Left Wing Right Wing Defense Defense
Alexandre Bolduc Jaroslav Balastik Ryan Keller Ville Koistinen Shaun Heska
Goaltenders
Starting : David LeNeveu
Backup : Dustin Tokarski
Extra Forwards
Normal : Gustav Nyquist, Brock Bradford, Maxime Sauvé - PP : Gustav Nyquist, Brock Bradford - PK : Maxime Sauvé
Extra Defensemen
Normal : Michael Sdao, Brett Ponich, Bryan Young - PP : Michael Sdao - PK : Brett Ponich, Bryan Young
Penalty Shots
Jaroslav Balastik, Ryan Keller, Chris Bourque, Nick Foligno, Alexandre Bolduc
% Time on Ice - Demolitions
Lines # - Real PCT - Wanted PCT - Time Play
Normal Forward
1 - 31% - 40% - 12:22
2 - 30% - 39% - 11:51
3 - 22% - 20% - 8:45
4 - 18% - 1% - 7:11
Normal Defense
1 - 44% - 40% - 17:33
2 - 32% - 30% - 12:57
3 - 24% - 20% - 9:30
4 - 0% - 10% - 0:09
PP Forward
1 - 55% - 60% - 7:41
2 - 45% - 40% - 6:13
PP Defense
1 - 53% - 60% - 7:22
2 - 47% - 40% - 6:32
PK Forward
1 - 74% - 60% - 4:25
2 - 26% - 40% - 1:32
PK Defense
1 - 62% - 60% - 3:42
2 - 38% - 40% - 2:15
PK3 Forward
1 - 0% - 60%
2 - 0% - 40%
PK3 Defense
1 - 0% - 60%
2 - 0% - 40%
44 Forward
1 - 0% - 60%
2 - 0% - 40%
44 Defense
1 - 0% - 60%
2 - 0% - 40%
Last Minute Offensive - 0:00
Last Minute Defensive - 0:00
Total
Forward - 60:00
Defense - 60:00
|
% Time on Ice - Gangsters
Lines # - Real PCT - Wanted PCT - Time Play
Normal Forward
1 - 36% - 40% - 14:16
2 - 25% - 30% - 9:56
3 - 24% - 20% - 9:46
4 - 15% - 10% - 6:11
Normal Defense
1 - 38% - 40% - 15:12
2 - 36% - 30% - 14:29
3 - 25% - 20% - 10:03
4 - 1% - 10% - 0:25
PP Forward
1 - 58% - 60% - 3:26
2 - 42% - 40% - 2:31
PP Defense
1 - 62% - 60% - 3:40
2 - 38% - 40% - 2:17
PK Forward
1 - 74% - 60% - 10:17
2 - 26% - 40% - 3:37
PK Defense
1 - 60% - 60% - 8:20
2 - 40% - 40% - 5:34
PK3 Forward
1 - 0% - 60%
2 - 0% - 40%
PK3 Defense
1 - 0% - 60%
2 - 0% - 40%
44 Forward
1 - 0% - 60%
2 - 0% - 40%
44 Defense
1 - 0% - 60%
2 - 0% - 40%
Last Minute Offensive - 0:00
Last Minute Defensive - 0:00
Total
Forward - 60:00
Defense - 60:00
|
Play by Play
1st period
0:01 of 1st period - T.J. Hensick wins face-off versus Alexandre Bolduc in neutral zone.
0:04 of 1st period - Snap shot by Anthony Stewart.
0:04 of 1st period - Stopped by David LeNeveu with a rebound.
0:51 of 1st period - Wrist shot by Daniel Paille.
0:51 of 1st period - Shot Misses the Net.
0:53 of 1st period - Wrist shot by T.J. Hensick.
0:53 of 1st period - Stopped by David LeNeveu with a rebound.
0:55 of 1st period - Snap shot by T.J. Hensick.
0:55 of 1st period - Deflect By Bryan Young.
0:55 of 1st period - Stopped by David LeNeveu without a rebound.
0:56 of 1st period - Bobby Butler wins face-off versus Artem Anisimov in Gangsters zone.
1:10 of 1st period - Off-side.
1:11 of 1st period - Darren Helm wins face-off versus Maxime Sauvé in neutral zone.
3:45 of 1st period - Off-side.
3:46 of 1st period - T.J. Hensick wins face-off versus Nick Foligno in neutral zone.
3:57 of 1st period - Slapshot by Brock Bradford.
3:57 of 1st period - Shot Blocked by Anton Babchuk.
3:59 of 1st period - Wrist shot by Gustav Nyquist.
3:59 of 1st period - Stopped by Chad Johnson without a rebound.
4:00 of 1st period - Samuel Pahlsson wins face-off versus Alexandre Bolduc in Demolitions zone.
4:02 of 1st period - Minor Penalty to Brad Richardson for Holding.
4:03 of 1st period - Alexandre Bolduc wins face-off versus T.J. Hensick in Demolitions zone.
4:09 of 1st period - Slapshot by Jaroslav Balastik.
4:09 of 1st period - Deflect By Ryan Keller.
4:09 of 1st period - Stopped by Chad Johnson without a rebound.
4:10 of 1st period - T.J. Hensick wins face-off versus Alexandre Bolduc in Demolitions zone.
4:23 of 1st period - Wrist shot by Alexandre Bolduc.
4:23 of 1st period - Shot Blocked by Kyle Cumiskey.
4:25 of 1st period - Snap shot by Jaroslav Balastik.
4:25 of 1st period - Shot Misses the Net.
4:41 of 1st period - Snap shot by Artem Anisimov.
4:41 of 1st period - Shot Blocked by Doug Janik.
4:43 of 1st period - Slapshot by Ville Koistinen.
4:43 of 1st period - Stopped by Chad Johnson with a rebound.
6:02 of 1st period - Penalty to Brad Richardson is over, Brad Richardson is back on ice.
6:02 of 1st period - Matt Delahey is hit by Brad Richardson and loses puck.
6:25 of 1st period - Wrist shot by Brad Richardson.
6:25 of 1st period - Stopped by David LeNeveu with a rebound.
6:31 of 1st period - Minor Penalty to Nick Foligno for Cross-checking.
6:32 of 1st period - T.J. Hensick wins face-off versus Jaroslav Balastik in Gangsters zone.
6:47 of 1st period - Shaun Heska is hit by T.J. Hensick and loses puck.
7:06 of 1st period - Snap shot by T.J. Hensick.
7:06 of 1st period - Shot Misses the Net.
7:08 of 1st period - Snap shot by Daniel Paille.
7:08 of 1st period - Stopped by David LeNeveu with a rebound.
7:25 of 1st period - Snap shot by Anthony Stewart.
7:25 of 1st period - Shot Blocked by Chris Bourque.
7:27 of 1st period - Wrist shot by Daniel Paille.
7:27 of 1st period - Shot Misses the Net.
7:29 of 1st period - Snap shot by Peter Harrold.
7:29 of 1st period - Stopped by David LeNeveu without a rebound.
7:30 of 1st period - Ryan Keller wins face-off versus Samuel Pahlsson in Gangsters zone.
8:31 of 1st period - Penalty to Nick Foligno is over, Nick Foligno is back on ice.
8:38 of 1st period - Snap shot by Darren Helm.
8:38 of 1st period - Shot Misses the Net.
9:10 of 1st period - Snap shot by Alexandre Bolduc.
9:10 of 1st period - Stopped by Chad Johnson with a rebound.
9:12 of 1st period - Wrist shot by Bryan Young.
9:12 of 1st period - Stopped by Chad Johnson with a rebound.
9:14 of 1st period - Snap shot by Alexandre Bolduc.
9:14 of 1st period - Deflect By Chris Bourque.
9:14 of 1st period - Shot Misses the Net.
9:14 of 1st period - Puck is out of play.
9:15 of 1st period - Maxime Sauvé wins face-off versus Corban Knight in Demolitions zone.
9:18 of 1st period - Snap shot by Maxime Sauvé.
9:18 of 1st period - Stopped by Chad Johnson without a rebound.
9:19 of 1st period - Maxime Sauvé wins face-off versus Corban Knight in Demolitions zone.
9:30 of 1st period - Wrist shot by Petr Vrana.
9:30 of 1st period - Stopped by David LeNeveu without a rebound.
9:31 of 1st period - Samuel Pahlsson wins face-off versus Alexandre Bolduc in Gangsters zone.
9:32 of 1st period - Snap shot by Brad Richardson.
9:32 of 1st period - Deflect By Bobby Butler.
9:32 of 1st period - Shot Misses the Net.
9:32 of 1st period - Puck is out of play.
9:33 of 1st period - Alexandre Bolduc wins face-off versus Samuel Pahlsson in Gangsters zone.
9:35 of 1st period - Minor Penalty to Ryan Keller for Hooking.
9:36 of 1st period - Jaroslav Balastik wins face-off versus T.J. Hensick in Gangsters zone.
10:09 of 1st period - Snap shot by Samuel Pahlsson.
10:09 of 1st period - Shot Blocked by Ville Koistinen.
10:11 of 1st period - Wrist shot by Samuel Pahlsson.
10:11 of 1st period - Deflect By Bobby Butler.
10:11 of 1st period - Shot Blocked by Shaun Heska.
10:11 of 1st period - Puck is out of play.
10:12 of 1st period - Jaroslav Balastik wins face-off versus T.J. Hensick in Gangsters zone.
10:27 of 1st period - Wrist shot by T.J. Hensick.
10:27 of 1st period - Shot Blocked by Matt Delahey.
10:37 of 1st period - Bryan Young is hit by Bobby Butler and loses puck.
11:35 of 1st period - Penalty to Ryan Keller is over, Ryan Keller is back on ice.
11:46 of 1st period - Snap shot by Petr Vrana.
11:46 of 1st period - Goal by Petr Vrana - Demolitions : 1 - Gangsters : 0.
11:47 of 1st period - Bobby Butler wins face-off versus Ryan Jones in neutral zone.
12:12 of 1st period - Daniel Paille is hit by Nick Foligno and loses puck.
12:59 of 1st period - Snap shot by Ryan Jones.
12:59 of 1st period - Shot Misses the Net.
13:01 of 1st period - Wrist shot by Artem Anisimov.
13:01 of 1st period - Goal by Artem Anisimov - Demolitions : 1 - Gangsters : 1.
13:02 of 1st period - Alexandre Bolduc wins face-off versus Samuel Pahlsson in neutral zone.
13:11 of 1st period - Snap shot by Ryan Keller.
13:11 of 1st period - Stopped by Chad Johnson with a rebound.
13:13 of 1st period - Snap shot by Ryan Keller.
13:13 of 1st period - Deflect By Alexandre Bolduc.
13:13 of 1st period - Goal by Alexandre Bolduc - Demolitions : 1 - Gangsters : 2.
13:14 of 1st period - Alexandre Bolduc wins face-off versus Samuel Pahlsson in neutral zone.
13:23 of 1st period - Ville Koistinen is hit by Samuel Pahlsson and loses puck.
13:36 of 1st period - Double Minor Penalty to Jaroslav Balastik for Slashing.
13:37 of 1st period - Maxime Sauvé wins face-off versus T.J. Hensick in Gangsters zone.
15:22 of 1st period - Icing by Bobby Butler.
15:23 of 1st period - Samuel Pahlsson wins face-off versus Maxime Sauvé in Demolitions zone.
15:23 of 1st period - Samuel Pahlsson is hit by Shaun Heska.
15:49 of 1st period - Bryan Young is hit by T.J. Hensick and loses puck.
16:41 of 1st period - Alexandre Bolduc is hit by Jordan LaVallee and loses puck.
17:36 of 1st period - Penalty to Jaroslav Balastik is over, Jaroslav Balastik is back on ice.
17:48 of 1st period - Slapshot by Ville Koistinen.
17:48 of 1st period - Shot Misses the Net.
19:44 of 1st period - Ville Koistinen is hit by Peter Harrold and loses puck.
Goals for this period are 1 for Demolitions vs 2 for Gangsters.
Shots for this period are 8 for Demolitions vs 9 for Gangsters.
2nd period
0:01 of 2nd period - T.J. Hensick wins face-off versus Jaroslav Balastik in neutral zone.
0:26 of 2nd period - Artem Anisimov is hit by Samuel Pahlsson and loses puck.
0:35 of 2nd period - Snap shot by Samuel Pahlsson.
0:35 of 2nd period - Stopped by David LeNeveu with a rebound.
0:37 of 2nd period - Wrist shot by Samuel Pahlsson.
0:37 of 2nd period - Shot Misses the Net.
0:45 of 2nd period - Minor Penalty to Artem Anisimov for Tripping.
0:46 of 2nd period - Jaroslav Balastik wins face-off versus T.J. Hensick in Gangsters zone.
0:46 of 2nd period - Jaroslav Balastik is hit by T.J. Hensick.
2:45 of 2nd period - Penalty to Artem Anisimov is over, Artem Anisimov is back on ice.
2:53 of 2nd period - Wrist shot by Jordan LaVallee.
2:53 of 2nd period - Stopped by David LeNeveu with a rebound.
2:55 of 2nd period - Snap shot by Jordan LaVallee.
2:55 of 2nd period - Shot Misses the Net.
2:57 of 2nd period - Snap shot by Konstantin Pushkarev.
2:57 of 2nd period - Goal by Konstantin Pushkarev - Demolitions : 2 - Gangsters : 2.
2:58 of 2nd period - Samuel Pahlsson wins face-off versus Alexandre Bolduc in neutral zone.
3:00 of 2nd period - Off-side.
3:01 of 2nd period - Alexandre Bolduc wins face-off versus Samuel Pahlsson in neutral zone.
3:22 of 2nd period - Jaroslav Balastik is hit by Brad Richardson and loses puck.
3:56 of 2nd period - Wrist shot by Ryan Keller.
3:56 of 2nd period - Deflect By Jaroslav Balastik.
3:56 of 2nd period - Shot Misses the Net.
3:56 of 2nd period - Puck is out of play.
3:57 of 2nd period - Daniel Paille wins face-off versus Artem Anisimov in Demolitions zone.
4:06 of 2nd period - Snap shot by Anthony Stewart.
4:06 of 2nd period - Shot Blocked by Shaun Heska.
4:08 of 2nd period - Snap shot by Daniel Paille.
4:08 of 2nd period - Stopped by David LeNeveu without a rebound.
4:09 of 2nd period - Artem Anisimov wins face-off versus T.J. Hensick in Gangsters zone.
4:36 of 2nd period - Ville Koistinen is hit by Konstantin Pushkarev and loses puck.
4:41 of 2nd period - Snap shot by Konstantin Pushkarev.
4:41 of 2nd period - Stopped by David LeNeveu without a rebound.
4:42 of 2nd period - Alexandre Bolduc wins face-off versus Samuel Pahlsson in Gangsters zone.
4:47 of 2nd period - Slapshot by Bryan Young.
4:47 of 2nd period - Shot Misses the Net.
4:49 of 2nd period - Slapshot by Bryan Young.
4:49 of 2nd period - Shot Misses the Net.
4:51 of 2nd period - Wrist shot by Ryan Keller.
4:51 of 2nd period - Stopped by Chad Johnson without a rebound.
4:52 of 2nd period - Alexandre Bolduc wins face-off versus Samuel Pahlsson in Demolitions zone.
5:08 of 2nd period - Off-side.
5:09 of 2nd period - T.J. Hensick wins face-off versus Artem Anisimov in neutral zone.
5:36 of 2nd period - Brad Richardson is hit by Jaroslav Balastik and loses puck.
6:27 of 2nd period - Slapshot by Anton Babchuk.
6:27 of 2nd period - Deflect By T.J. Hensick.
6:27 of 2nd period - Shot Misses the Net.
6:27 of 2nd period - Puck is out of play.
6:28 of 2nd period - Samuel Pahlsson wins face-off versus Alexandre Bolduc in Gangsters zone.
6:53 of 2nd period - Artem Anisimov is hit by T.J. Hensick and loses puck.
7:27 of 2nd period - Jordan LaVallee is hit by Bryan Young and loses puck.
7:53 of 2nd period - Nick Foligno is hit by Brad Richardson.
8:12 of 2nd period - Snap shot by Ryan Keller.
8:12 of 2nd period - Shot Misses the Net.
8:14 of 2nd period - Snap shot by Jaroslav Balastik.
8:14 of 2nd period - Shot Misses the Net.
8:16 of 2nd period - Snap shot by Jaroslav Balastik.
8:16 of 2nd period - Shot Misses the Net.
8:18 of 2nd period - Snap shot by Bryan Young.
8:18 of 2nd period - Deflect By T.J. Hensick.
8:18 of 2nd period - Stopped by Chad Johnson without a rebound.
8:19 of 2nd period - Darren Helm wins face-off versus Ryan Jones in Demolitions zone.
8:19 of 2nd period - Darren Helm is hit by Chris Bourque.
8:26 of 2nd period - Minor Penalty to Darren Helm for Roughing.
8:27 of 2nd period - Alexandre Bolduc wins face-off versus Anthony Stewart in Demolitions zone.
8:33 of 2nd period - Snap shot by Alexandre Bolduc.
8:33 of 2nd period - Stopped by Chad Johnson with a rebound.
8:35 of 2nd period - Snap shot by Ville Koistinen.
8:35 of 2nd period - Shot Blocked by Anthony Stewart.
8:41 of 2nd period - Snap shot by Jaroslav Balastik.
8:41 of 2nd period - Stopped by Chad Johnson with a rebound.
8:43 of 2nd period - Slapshot by Jaroslav Balastik.
8:43 of 2nd period - Shot Blocked by T.J. Hensick.
10:26 of 2nd period - Penalty to Darren Helm is over, Darren Helm is back on ice.
11:43 of 2nd period - Icing by Bryan Young.
11:44 of 2nd period - Maxime Sauvé wins face-off versus Corban Knight in Gangsters zone.
11:52 of 2nd period - Slapshot by Doug Janik.
11:52 of 2nd period - Shot Blocked by Matt Delahey.
12:15 of 2nd period - Snap shot by Ryan Keller.
12:15 of 2nd period - Stopped by Chad Johnson without a rebound.
12:16 of 2nd period - Jaroslav Balastik wins face-off versus T.J. Hensick in Demolitions zone.
12:29 of 2nd period - Snap shot by T.J. Hensick.
12:29 of 2nd period - Stopped by David LeNeveu with a rebound.
12:31 of 2nd period - Wrist shot by T.J. Hensick.
12:31 of 2nd period - Goal by T.J. Hensick - Demolitions : 3 - Gangsters : 2.
12:32 of 2nd period - Alexandre Bolduc wins face-off versus T.J. Hensick in neutral zone.
13:51 of 2nd period - Slapshot by Shaun Heska.
13:51 of 2nd period - Stopped by Chad Johnson with a rebound.
14:25 of 2nd period - Snap shot by Artem Anisimov.
14:25 of 2nd period - Stopped by Chad Johnson with a rebound.
14:27 of 2nd period - Snap shot by Ryan Jones.
14:27 of 2nd period - Shot Misses the Net.
14:29 of 2nd period - Backhand shot by Ville Koistinen.
14:29 of 2nd period - Shot Misses the Net.
14:31 of 2nd period - Snap shot by Artem Anisimov.
14:31 of 2nd period - Stopped by Chad Johnson with a rebound.
15:11 of 2nd period - Snap shot by Gustav Nyquist.
15:11 of 2nd period - Stopped by Chad Johnson without a rebound.
15:12 of 2nd period - Anthony Stewart wins face-off versus Alexandre Bolduc in Demolitions zone.
15:12 of 2nd period - Anthony Stewart is hit by Matt Delahey.
15:20 of 2nd period - Slapshot by Doug Janik.
15:20 of 2nd period - Shot Blocked by Jaroslav Balastik.
16:17 of 2nd period - Snap shot by Petr Vrana.
16:17 of 2nd period - Deflect By Spencer Machacek.
16:17 of 2nd period - Stopped by David LeNeveu with a rebound.
16:19 of 2nd period - Snap shot by Spencer Machacek.
16:19 of 2nd period - Stopped by David LeNeveu without a rebound.
16:20 of 2nd period - Brock Bradford wins face-off versus Corban Knight in Gangsters zone.
16:43 of 2nd period - Slapshot by Peter Harrold.
16:43 of 2nd period - Shot Hit the Post.
16:45 of 2nd period - Snap shot by Corban Knight.
16:45 of 2nd period - Stopped by David LeNeveu without a rebound.
16:46 of 2nd period - T.J. Hensick wins face-off versus Alexandre Bolduc in Gangsters zone.
16:47 of 2nd period - Snap shot by Daniel Paille.
16:47 of 2nd period - Deflect By T.J. Hensick.
16:47 of 2nd period - Stopped by David LeNeveu without a rebound.
16:48 of 2nd period - T.J. Hensick wins face-off versus Alexandre Bolduc in Gangsters zone.
16:55 of 2nd period - Snap shot by Anthony Stewart.
16:55 of 2nd period - Shot Blocked by Ryan Keller.
16:57 of 2nd period - Snap shot by Anthony Stewart.
16:57 of 2nd period - Shot Blocked by Ryan Keller.
16:59 of 2nd period - Snap shot by Daniel Paille.
16:59 of 2nd period - Shot Misses the Net.
17:01 of 2nd period - Wrist shot by T.J. Hensick.
17:01 of 2nd period - Goal by T.J. Hensick - Demolitions : 4 - Gangsters : 2.
17:02 of 2nd period - T.J. Hensick wins face-off versus Alexandre Bolduc in neutral zone.
17:48 of 2nd period - Wrist shot by Nick Foligno.
17:48 of 2nd period - Shot Misses the Net.
18:10 of 2nd period - Snap shot by Richard Panik.
18:10 of 2nd period - Shot Misses the Net.
19:27 of 2nd period - Snap shot by Ryan Keller.
19:27 of 2nd period - Stopped by Chad Johnson without a rebound.
19:28 of 2nd period - T.J. Hensick wins face-off versus Alexandre Bolduc in Demolitions zone.
19:28 of 2nd period - T.J. Hensick is hit by Jaroslav Balastik.
Goals for this period are 3 for Demolitions vs 0 for Gangsters.
Shots for this period are 12 for Demolitions vs 10 for Gangsters.
3rd period
0:01 of 3rd period - T.J. Hensick wins face-off versus Alexandre Bolduc in neutral zone.
0:06 of 3rd period - Slapshot by T.J. Hensick.
0:06 of 3rd period - Shot Blocked by Ville Koistinen.
0:08 of 3rd period - Wrist shot by T.J. Hensick.
0:08 of 3rd period - Stopped by David LeNeveu without a rebound.
0:09 of 3rd period - Alexandre Bolduc wins face-off versus T.J. Hensick in Gangsters zone.
0:32 of 3rd period - Wrist shot by Daniel Paille.
0:32 of 3rd period - Stopped by David LeNeveu with a rebound.
0:34 of 3rd period - Slapshot by Kyle Cumiskey.
0:34 of 3rd period - Shot Blocked by Alexandre Bolduc.
0:36 of 3rd period - Wrist shot by Anthony Stewart.
0:36 of 3rd period - Shot Misses the Net.
0:38 of 3rd period - Wrist shot by Daniel Paille.
0:38 of 3rd period - Shot Misses the Net.
0:40 of 3rd period - Snap shot by Daniel Paille.
0:40 of 3rd period - Stopped by David LeNeveu with a rebound.
0:54 of 3rd period - Slapshot by Ryan Keller.
0:54 of 3rd period - Stopped by Chad Johnson without a rebound.
0:55 of 3rd period - Artem Anisimov wins face-off versus Samuel Pahlsson in Demolitions zone.
1:23 of 3rd period - Minor Penalty to Artem Anisimov for Roughing.
1:24 of 3rd period - T.J. Hensick wins face-off versus Jaroslav Balastik in Gangsters zone.
1:50 of 3rd period - Ville Koistinen is hit by Bobby Butler and loses puck.
3:23 of 3rd period - Penalty to Artem Anisimov is over, Artem Anisimov is back on ice.
3:48 of 3rd period - Snap shot by Richard Panik.
3:48 of 3rd period - Shot Blocked by Andrew Campbell.
3:56 of 3rd period - Backhand shot by Konstantin Pushkarev.
3:56 of 3rd period - Shot Misses the Net.
3:58 of 3rd period - Slapshot by Doug Janik.
3:58 of 3rd period - Stopped by David LeNeveu with a rebound.
4:08 of 3rd period - Andrew Campbell is hit by Brock Bradford and loses puck.
4:34 of 3rd period - Anton Babchuk is hit by Bryan Young and loses puck.
4:57 of 3rd period - Bobby Butler is hit by Ryan Jones.
5:21 of 3rd period - Michael Sdao is hit by T.J. Hensick and loses puck.
5:42 of 3rd period - Snap shot by Gustav Nyquist.
5:42 of 3rd period - Shot Misses the Net.
6:31 of 3rd period - Ryan Jones is hit by Anthony Stewart and loses puck.
6:52 of 3rd period - Wrist shot by Brock Bradford.
6:52 of 3rd period - Goal by Brock Bradford - Demolitions : 4 - Gangsters : 3.
6:53 of 3rd period - Samuel Pahlsson wins face-off versus Alexandre Bolduc in neutral zone.
7:07 of 3rd period - Minor Penalty to Bobby Butler for Tripping.
7:08 of 3rd period - T.J. Hensick wins face-off versus Alexandre Bolduc in Demolitions zone.
7:20 of 3rd period - Off-side.
7:21 of 3rd period - T.J. Hensick wins face-off versus Alexandre Bolduc in neutral zone.
7:24 of 3rd period - Slapshot by Anthony Stewart.
7:24 of 3rd period - Stopped by David LeNeveu without a rebound.
7:25 of 3rd period - T.J. Hensick wins face-off versus Alexandre Bolduc in Gangsters zone.
7:26 of 3rd period - Wrist shot by Anthony Stewart.
7:26 of 3rd period - Goal by Anthony Stewart - Demolitions : 5 - Gangsters : 3.
7:27 of 3rd period - T.J. Hensick wins face-off versus Alexandre Bolduc in neutral zone.
7:30 of 3rd period - Jaroslav Balastik is hit by Doug Janik and loses puck.
7:41 of 3rd period - Snap shot by T.J. Hensick.
7:41 of 3rd period - Stopped by David LeNeveu with a rebound.
7:43 of 3rd period - Slapshot by Doug Janik.
7:43 of 3rd period - Shot Misses the Net.
8:31 of 3rd period - Matt Delahey is hit by Anton Babchuk.
9:07 of 3rd period - Penalty to Bobby Butler is over, Bobby Butler is back on ice.
9:34 of 3rd period - Richard Panik is hit by Brad Richardson.
9:38 of 3rd period - Richard Panik is hit by Brad Richardson and loses puck.
9:55 of 3rd period - Slapshot by Peter Harrold.
9:55 of 3rd period - Shot Blocked by Bryan Young.
9:57 of 3rd period - Wrist shot by Petr Vrana.
9:57 of 3rd period - Stopped by David LeNeveu with a rebound.
10:01 of 3rd period - Slapshot by Doug Janik.
10:01 of 3rd period - Stopped by David LeNeveu without a rebound.
10:02 of 3rd period - Artem Anisimov wins face-off versus Samuel Pahlsson in Gangsters zone.
10:17 of 3rd period - Snap shot by Chris Bourque.
10:17 of 3rd period - Stopped by Chad Johnson with a rebound.
10:58 of 3rd period - Snap shot by Gustav Nyquist.
10:58 of 3rd period - Shot Blocked by Anthony Stewart.
11:04 of 3rd period - Nick Foligno is hit by T.J. Hensick and loses puck.
11:19 of 3rd period - Wrist shot by Petr Vrana.
11:19 of 3rd period - Deflect By Spencer Machacek.
11:19 of 3rd period - Shot Misses the Net.
11:19 of 3rd period - Puck is out of play.
11:20 of 3rd period - Alexandre Bolduc wins face-off versus Corban Knight in Gangsters zone.
11:58 of 3rd period - Slapshot by Chris Bourque.
11:58 of 3rd period - Shot Blocked by Anssi Salmela.
12:17 of 3rd period - Snap shot by Jordan LaVallee.
12:17 of 3rd period - Deflect By Bryan Young.
12:17 of 3rd period - Shot Misses the Net.
12:17 of 3rd period - Puck is out of play.
12:18 of 3rd period - T.J. Hensick wins face-off versus Alexandre Bolduc in Gangsters zone.
12:33 of 3rd period - Snap shot by Daniel Paille.
12:33 of 3rd period - Deflect By Anthony Stewart.
12:33 of 3rd period - Stopped by David LeNeveu with a rebound.
13:05 of 3rd period - Matt Delahey is hit by Jordan LaVallee and loses puck.
13:27 of 3rd period - Off-side.
13:28 of 3rd period - Corban Knight wins face-off versus Maxime Sauvé in neutral zone.
14:01 of 3rd period - Slapshot by T.J. Hensick.
14:01 of 3rd period - Goal by T.J. Hensick - Demolitions : 6 - Gangsters : 3.
14:02 of 3rd period - Samuel Pahlsson wins face-off versus Alexandre Bolduc in neutral zone.
14:17 of 3rd period - Snap shot by Bobby Butler.
14:17 of 3rd period - Goal by Bobby Butler - Demolitions : 7 - Gangsters : 3.
14:18 of 3rd period - Alexandre Bolduc wins face-off versus T.J. Hensick in neutral zone.
14:25 of 3rd period - Slapshot by Alexandre Bolduc.
14:25 of 3rd period - Shot Misses the Net.
14:31 of 3rd period - Jaroslav Balastik is hit by Daniel Paille and loses puck.
14:40 of 3rd period - Minor Penalty to Ryan Keller for Hooking.
14:41 of 3rd period - T.J. Hensick wins face-off versus Jaroslav Balastik in Gangsters zone.
15:07 of 3rd period - Ville Koistinen is hit by Brad Richardson and loses puck.
15:49 of 3rd period - Matt Delahey is hit by T.J. Hensick and loses puck.
16:40 of 3rd period - Penalty to Ryan Keller is over, Ryan Keller is back on ice.
16:47 of 3rd period - Wrist shot by Jaroslav Balastik.
16:47 of 3rd period - Shot Misses the Net.
16:53 of 3rd period - Backhand shot by Jaroslav Balastik.
16:53 of 3rd period - Stopped by Chad Johnson with a rebound.
16:55 of 3rd period - Backhand shot by Maxime Sauvé.
16:55 of 3rd period - Deflect By Jaroslav Balastik.
16:55 of 3rd period - Shot Misses the Net.
16:55 of 3rd period - Puck is out of play.
16:56 of 3rd period - Brock Bradford wins face-off versus Darren Helm in Demolitions zone.
17:01 of 3rd period - Snap shot by Nick Foligno.
17:01 of 3rd period - Stopped by Chad Johnson without a rebound.
17:02 of 3rd period - Darren Helm wins face-off versus Brock Bradford in Demolitions zone.
17:07 of 3rd period - Wrist shot by Jordan LaVallee.
17:07 of 3rd period - Stopped by David LeNeveu with a rebound.
17:09 of 3rd period - Snap shot by Darren Helm.
17:09 of 3rd period - Shot Blocked by Gustav Nyquist.
17:11 of 3rd period - Slapshot by Anssi Salmela.
17:11 of 3rd period - Shot Blocked by Brock Bradford.
17:17 of 3rd period - Snap shot by Jordan LaVallee.
17:17 of 3rd period - Stopped by David LeNeveu with a rebound.
17:33 of 3rd period - Snap shot by Daniel Paille.
17:33 of 3rd period - Shot Misses the Net.
17:35 of 3rd period - Backhand shot by Anssi Salmela.
17:35 of 3rd period - Shot Misses the Net.
18:09 of 3rd period - Wrist shot by Maxime Sauvé.
18:09 of 3rd period - Deflect By Dave Dziurzynski.
18:09 of 3rd period - Shot Misses the Net.
18:09 of 3rd period - Puck is out of play.
18:10 of 3rd period - Maxime Sauvé wins face-off versus Corban Knight in Demolitions zone.
18:42 of 3rd period - Off-side.
18:43 of 3rd period - Samuel Pahlsson wins face-off versus Alexandre Bolduc in neutral zone.
18:56 of 3rd period - Snap shot by Bobby Butler.
18:56 of 3rd period - Shot Misses the Net.
18:58 of 3rd period - Wrist shot by Doug Janik.
18:58 of 3rd period - Shot Blocked by Jaroslav Balastik.
19:16 of 3rd period - Anthony Stewart is hit by Matt Delahey and loses puck.
19:53 of 3rd period - Snap shot by Maxime Sauvé.
19:53 of 3rd period - Stopped by Chad Johnson with a rebound.
19:55 of 3rd period - Slapshot by Ville Koistinen.
19:55 of 3rd period - Shot Misses the Net.
19:57 of 3rd period - Wrist shot by Maxime Sauvé.
19:57 of 3rd period - Stopped by Chad Johnson with a rebound.
19:59 of 3rd period - Slapshot by Shaun Heska.
19:59 of 3rd period - Shot Misses the Net.
Goals for this period are 3 for Demolitions vs 1 for Gangsters.
Shots for this period are 14 for Demolitions vs 7 for Gangsters.
Output by the SimonT Hockey Simulator (STHS) for François Prévost -- Original Page W3C XHTML 1.0 Valid